 Dungeon Crawl Stone Soup version 0.29.1-15-g9cfb28693d (webtiles) character file.

Game seed: 17554794183343545211

28 Heoruswealwe the Magician (level 2, -1/15 HPs)
             Began as a Deep Elf Earth Elementalist on Apr 13, 2023.
             Succumbed to an adder's poison
             ... on level 2 of the Dungeon.
             The game lasted 00:03:26 (333 turns).

Heoruswealwe the Magician (DEEE)                     Turns: 333, Time: 00:03:27

Health: -1/15      AC:  2    Str:  5    XL:     2   Next: 96%
Magic:  8/9        EV: 12    Int: 19    God:
Gold:   49         SH:  0    Dex: 15    Spells: 6/9 levels left

rFire   . . .      SeeInvis .   (no weapon)
rCold   . . .      Faith    .   (no shield)
rNeg    . . .      Spirit   .   a - +0 robe
rPois   .          Reflect  .   (no helmet)
rElec   .          Harm     .   (no cloak)
rCorr   .          Rampage  .   (no gloves)
Will    .....                   (no boots)
Stlth   ++........              (no amulet)
HPRegen 0.05/turn               (no ring)
MPRegen 0.11/turn               (no ring)

@: lethally poisoned (-1 -> -7), very slightly contaminated
A: no striking features
a: no special abilities


You were on level 2 of the Dungeon.
You visited 1 branch of the dungeon, and saw 2 of its levels.

You collected 49 gold pieces.

Inventory:

Armour
 a - a +0 robe (worn)
Magical Staves
 c - a staff of conjuration
Scrolls
 d - a scroll of identify {unknown}
Potions
 b - a potion of magic
 e - a potion of mutation {unknown}


   Skills:
 - Level 2.4 Dodging
 - Level 2.4 Stealth
 + Level 4.0 Spellcasting
 - Level 1.1 Transmutations
 + Level 4.0 Earth Magic


You had 6 spell levels left.
You knew the following spells:

 Your Spells              Type           Power      Damage    Failure   Level
a - Sandblast             Erth           38%        2d10      2%          1
z - Passwall              Tmut/Erth      10%        N/A       8%          2

Your spell library contained the following spells:

 Spells                   Type           Power      Damage    Failure   Level
 Stone Arrow              Conj/Erth      22%        3d8       19%         3
 Static Discharge         Conj/Air       3%         3-4/arc   21%         2
 Petrify                  Tmut/Erth      13%        N/A       43%         4
 Lightning Bolt           Conj/Air       1%         1d12      98%         5
 Summon Forest            Summ/Tloc      1%         N/A       98%         5
 Summon Mana Viper        Hex/Summ       3%         N/A       98%         5
 Summon Cactus Giant      Summ           1%         N/A       100%        6
 Maxwell's Capacitive Co  Air            1%         ∞         100%        8


Dungeon Overview and Level Annotations

Branches:
Dungeon (2/15)

Altars:


Message History

The blast of sand hits the endoplasm!
You kill the endoplasm!
You now have 26 gold pieces (gained 10).
Found 11 gold pieces.
You now have 38 gold pieces (gained 12).
Found a chain mail.
Found a fuming ruby potion.
You now have 49 gold pieces (gained 11).
Found a book of Lightning.
e - a fuming ruby potion You pick up a book of Lightning and begin reading...
You add the spells Static Discharge, Lightning Bolt and Maxwell's Capacitive Coupling to your library.
You see here a +0 chain mail.
Found a book of the Wilderness.
You pick up a book of the Wilderness and begin reading...
You add the spells Summon Forest, Summon Mana Viper and Summon Cactus Giant to your library.
Okay, then.
You open the door.
There is an open door here.
An adder and 2 gnolls come into view.
The gnoll shouts!
You hear a shout!
The gnoll hits you from afar with a +0 spear.
A gnoll comes into view. It is wielding a +0 club.
The adder hisses angrily.
You miscast Sandblast.
You are very lightly contaminated with residual magic.
Nothing appears to happen.
The adder completely misses you.
A giant cockroach comes into view.
The gnoll hits you from afar with a +0 spear.
The adder bites you.
You are poisoned.
The adder poisons you! The adder barely misses you.
You feel sick. The adder attacks as you move away! The adder bites you.
* * * LOW HITPOINT WARNING * * *
You are more poisoned.
The adder poisons you!
* * * LOW HITPOINT WARNING * * *
You feel sick.
You die...

....##..#....#........###+####
........#....#.##.........#
...###########..#......#....#
....... ##........# ...#
.###### ##...###.# ... .#
###...#.# .< .########
######.#.# .
.#.#.##.#######.......g#
.#.#.##.......'.@.Sgg#..#
.#...##.#######......#.g...
......#.# #......#..g.B..
.#.#..#.# #......#.##..#.
.#....[.# #......+.. ....
##.#..#.# #......#.# .##
#.#..#... ........... #
..#.....## ..........
...##.##.#


You could see 3 gnolls and an adder.

Vanquished Creatures
  4 dart slugs
  4 ball pythons
  2 endoplasms
  A giant cockroach (D:1)
  2 hobgoblins (D:1)
  3 jackals (D:1)
  A frilled lizard (D:1)
17 creatures vanquished.

Notes
Turn   | Place    | Note
-------+----------+-------------------------------------------
     0 | D:1      | Heoruswealwe the Deep Elf Earth Elementalist began the
                  | quest for the Orb.
     0 | D:1      | Reached XP level 1. HP: 10/10 MP: 6/6
    67 | D:1      | Reached XP level 2. HP: 15/15 MP: 1/8
    84 | D:1      | Learned a level 2 spell: Passwall
   240 | D:1      | You fall into a shaft and drop 1 floor!
   333 | D:2      | Succumbed to an adder's poison

Illustrated notes

Levels and vault maps discovered:
D:1:      onia_arrival_handbag, layout_loops_ring, hangedman_glass_teeth
D:2:      layout_basic, ebering_ecumenical_altar_sacrificial

Skill      XL: |  1  2 |
---------------+-------+-----
Spellcasting   | 4 |  4.0
Earth Magic    | 4 |  4.0
Dodging        | |  2.4
Stealth        | |  2.4
Transmutations | |  1.1

Action                   || total
-------------------------++-------
 Cast: Sandblast         ||    24
Dodge: Dodged            ||     8
